[Event "Late-Titled-Tuesday-Blitz-April-16-2024"]
[Site "Chess.com"]
[Date "2024.04.16"]
[Round "9"]
[White "CaspiIsrael"]
[Black "Sanyura"]
[Result "0-1"]
[WhiteElo "2711"]
[BlackElo "2620"]
[TimeControl "180+1"]
[EndTime "15:44:32 PDT"]
[Termination "Sanyura won on time"]

1. e4 c5 2. Nf3 e6 3. c4 Nc6 4. Nc3 Nf6 5. d4 cxd4 6. Nxd4 Bb4 7. Qd3 O-O 8. a3 Bxc3+ 9. bxc3 b6 10. Be2 Bb7 11. f3 Rc8 12. Nb5 Ba6 13. Nd6 Rc7 14.
Bg5 Qe7 15. Rd1 h6 16. Bh4 Ne5 17. Qd4 Ng6 18. Bg3 Rc6 19. O-O Nh5 20. Rf2 Nxg3 21. hxg3 Qg5 22. g4 Nf4 23. Bf1 Qa5 24. Ra2 h5 25. g3 Ng6 26. gxh5 Qxh5 27. Be2 Rc5 28. f4 Qh3 29. Qf2 Ne7 30. e5 Nc8 31. Ne4 Rc7 32.
Ng5 Qh6 33. Kg2 Bb7+ 34. Bf3 Bxf3+ 35. Qxf3 Qg6 36. Rh1 f6 37. exf6 gxf6 38. Ne4 Rxc4 39. Re2 Ne7 40. Qd3 Rc6 41. Qxd7 Qg4 42. Kf2 Qg7 43.
Rh4 Rfc8 0-1

[Event "Late-Titled-Tuesday-Blitz-April-16-2024"]
[Site "Chess.com"]
[Date "2024.04.16"]
[Round "9"]
[White "Alexei_Gubajdullin"]
[Black "TanitoluwaAps116"]
[Result "1-0"]
[WhiteElo "2633"]
[BlackElo "2779"]
[TimeControl "180+1"]
[EndTime "15:44:33 PDT"]
[Termination "Alexei_Gubajdullin won by resignation"]

1. Nf3 Nf6 2. g3 d5 3. Bg2 Bf5 4. O-O e6 5. d3 c6 6. Nbd2 h6 7. Qe1 Bh7 8. e4 Be7 9. b3 Qa5 10. a3 Nbd7 11. Bb2 O-O 12. e5 Ne8 13. b4 Qc7 14.
Nb3 c5 15. bxc5 Nxc5 16. Nbd4 Na4 17. Bc1 Rc8 18. Bd2 Qd7 19. Bb4 Nc5 20. Nd2 b6 21.
a4 Nxd3 22. cxd3 Bxb4 23. Qe3 Rc3 24. N2f3 Rxd3 25. Qf4 Be4 26. Rfc1 Bc3 27. Ra3 Bd2 28. Nxd2 Rxa3 29. Bf1 Nc7 30. Nxe4 dxe4 31. Nc6 e3 32. fxe3 Nd5 33. Qd4 Rxe3 34. Bb5 Qc7 35. Rc4 Rc8 36. Ne7+ Qxe7 37. Rxc8+ Kh7 38. Bd3+ g6 39. Be4 Re1+ 40.
Kf2 Qb4 41. Qxb4 Nxb4 42. Kxe1 Na6 43. Ra8 Nc5 44. Bc2 a5 45. Rb8 Nd7 46. Rb7 Nxe5 47.
Rxb6 Kg7 48. Rb5 Nc6 49. Rc5 Nd4 50. Bd1 e5 51. Rxe5 f5 52. Rxa5 1-0

[Event "Late-Titled-Tuesday-Blitz-April-16-2024"]
[Site "Chess.com"]
[Date "2024.04.16"]
[Round "9"]
[White "LUISMIGUELOV"]
[Black "MaxLeto"]
[Result "0-1"]
[WhiteElo "2190"]
[BlackElo "2424"]
[TimeControl "180+1"]
[EndTime "15:44:33 PDT"]
[Termination "MaxLeto won by checkmate"]

1. d4 h5 2. c3 h4 3. h3 d5 4. Bf4 Bf5 5. Qb3 b6 6. e3 e6 7. Nf3 Bd6 8. Bxd6 cxd6 9. Bb5+ Nd7 10. Nbd2 Ne7 11. c4 Be4 12. O-O O-O 13. Ng5 Bg6 14. Bxd7 Qxd7 15. cxd5 Nxd5 16. Rac1 Rac8 17. Ngf3 Qe7 18.
Rfd1 Bh5 19. Re1 Qf6 20. Qa3 Qe7 21. e4 Nf4 22. Qe3 e5 23. dxe5 dxe5 24. Nc4 Bxf3 25. Qxf3 Rc5 26. b4 Rc6 27. Ne3 Rxc1 28. Rxc1 Qxb4 29.
Nf5 g6 30. Nxh4 Rd8 31. a3 Qb2 32. Rf1 Rd3 33. Qg4 Qxa3 34. Nf5 Qc5 35. h4 Rd2 36. h5 Nxh5 37. Nh6+ Kg7 38. Nf5+ Kg8 39. Nh4 Nf4 40. g3 Ne6 41. Nxg6 fxg6 42. Qxe6+ Kg7 43. Kg2 a5 44. Qe8 a4 45. Qxa4 b5 46. Qa6 b4 47.
Qb7+ Kf6 48. Ra1 Qxf2+ 49. Kh3 Qh2+ 50. Kg4 Qh5# 0-1

[Event "Late-Titled-Tuesday-Blitz-April-16-2024"]
[Site "Chess.com"]
[Date "2024.04.16"]
[Round "9"]
[White "Jospem"]
[Black "alexrustemov"]
[Result "1-0"]
[WhiteElo "3053"]
[BlackElo "2856"]
[TimeControl "180+1"]
[EndTime "15:44:34 PDT"]
[Termination "Jospem won on time"]

1. c4 c5 2. Nf3 g6 3. Nc3 Bg7 4. g3 b6 5. Bg2 Bb7 6. O-O Nc6 7. e3 Bxc3 8. bxc3 d6 9. d3 Qc7 10. e4 Nf6 11. Ne1 h5 12. h4 Ng4 13. Nc2 e6 14. f3 Nge5 15. Bg5 Nd7 16. Na3 f6 17. Bf4 a6 18. Nc2 O-O-O 19. d4 e5 20. Be3 Na5 21. Qe2 Kb8 22. d5 Ka7 23. Bd2 f5 24. Bg5 Rdf8 25. exf5 gxf5 26. f4 e4 27. Ne3 Bc8 28. Bh3 Nf6 29.
Bxf5 Bxf5 30. Nxf5 Ng4 31. Ne7 e3 32. f5 Rh7 33. f6 Rhf7 34. Ng6 Re8 35. Nf4 Nxf6 36. Ne6 Qe7 37. Rf4 b5 38. cxb5 Qb7 39. b6+ Kb8 40.
Bxf6 Qxd5 41. Nc7 Rxc7 42. bxc7+ Kxc7 43. Bg5 Nc6 44. Rd1 Qe6 45. Rf3 Qg4 46. Rf7+ Kb6 47. Qxg4 hxg4 48. Re1 Ne5 49. Rxe3 Kc6 50. Rf5 Kd5 51.
Bf4 Kc4 52. Bxe5 dxe5 53. Rfxe5 Rb8 54. R5e4+ Kd5 55. c4+ Kd6 56. Re6+ Kd7 57. Re7+ 1-0

[Event "Late-Titled-Tuesday-Blitz-April-16-2024"]
[Site "Chess.com"]
[Date "2024.04.16"]
[Round "9"]
[White "RuperezA"]
[Black "1800_strength"]
[Result "1-0"]
[WhiteElo "2622"]
[BlackElo "2723"]
[TimeControl "180+1"]
[EndTime "15:44:35 PDT"]
[Termination "RuperezA won by resignation"]

1. e4 e6 2. b3 a6 3. d4 d5 4. e5 c5 5. c3 Bd7 6. Nf3 Bb5 7. c4 dxc4 8. bxc4 Bc6 9. Bb2 cxd4 10. Nxd4 Bb4+ 11. Ke2 Qh4 12. Nc3 Ne7 13. a3 Bc5 14.
Nxc6 Nbxc6 15. g3 Qxc4+ 16. Ke1 Qd4 17. Qxd4 Nxd4 18. Rd1 O-O-O 19. Bg2 Nc2+ 20. Ke2 Nxa3 21. Ne4 Bb4 22. Nd6+ Kb8 23. Nxb7 Rxd1 24. Rxd1 Rc8 25. Be4 Nd5 26. Nd6 Rc7 27. Bxa3 Nc3+ 28. Kd3 Nxd1 29. Bxb4 Nxf2+ 30. Ke3 Nxe4 31. Kxe4 Ka7 32. Ba5 Rd7 33. h4 f5+ 34. Kd4 g6 35. Kc5 Rg7 36. Kc6 g5 37. h5 f4 38. g4 f3 39. Ne4 h6 40.
Bb6+ Kb8 41. Kd6 Rb7 42. Bc5 a5 43. Kxe6 a4 44. Kf6 Kc7 45. e6 Kc6 46. e7 Rb8 47. Ba3 Kd5 48. Nf2 Kc4 49. Kf7 Kb3 50. Bd6 a3 51.
Bxa3 Kxa3 52. e8=Q Rxe8 53. Kxe8 Kb4 54. Kf7 Kc5 55.
Kg6 Kd4 56. Kxh6 Ke3 57. Nh3 Ke2 58. Kxg5 Kf1 59. Kh4 Kg2 60. h6 1-0

[Event "Late-Titled-Tuesday-Blitz-April-16-2024"]
[Site "Chess.com"]
[Date "2024.04.16"]
[Round "9"]
[White "lamomiajunior"]
[Black "BabageldiAnnaberdiyev"]
[Result "1-0"]
[WhiteElo "2737"]
[BlackElo "2605"]
[TimeControl "180+1"]
[EndTime "15:44:35 PDT"]
[Termination "lamomiajunior won by resignation"]

1. d4 e6 2. c4 d5 3. Nc3 f5 4. Nf3 Nf6 5. Bf4 c6 6. e3 Bd6 7. Bd3 O-O 8. O-O Ne4 9. Ne2 Qe7 10. Bxd6 Qxd6 11. Ne5 Nd7 12. f3 Nef6 13. f4 a5 14.
Qc2 Qe7 15. c5 Nxe5 16. fxe5 Ng4 17. Qd2 g5 18. h3 Nh6 19. Ng3 Bd7 20. Nh5 Be8 21.
Nf6+ Rxf6 22. exf6 Qxf6 23. Bc2 Qg7 24. Rab1 Bg6 25. Qf2 e5 26. Qg3 exd4 27. Qxg5 dxe3 28. Qxe3 Re8 29. Qf2 Rf8 30. Qf4 Nf7 31. Rfe1 Qf6 32. h4 Nd8 33. Rbd1 Ne6 34. Qd6 Bf7 35. Re5 Rd8 36. Rxf5 Qxh4 37. Qe5 Re8 38. Rdf1 Bg6 39. Rf6 Qd4+ 40. Qxd4 Nxd4 41. Bxg6 hxg6 42. Rxg6+ Kh7 43. Rg4 Ne2+ 44. Kh2 d4 45. Rf3 Re3 46. Rxd4 Rxf3 47. Rd7+ Kg6 48. gxf3 Nc1 49. Rxb7 Nxa2 50. Rb6 Nb4 51. Kg3 Kf5 52. Rxb4 axb4 53. f4 Ke4 54. Kg4 Kd3 55. f5 Kc2 56. f6 Kxb2 57. f7 b3 58. f8=Q Kc2 59. Qf2+ Kc1 60. Qe3+ Kc2 61. Qe4+ Kc1 62.
Qxc6 b2 63. Qb5 Kc2 64. Qxb2+ 1-0

[Event "Late-Titled-Tuesday-Blitz-April-16-2024"]
[Site "Chess.com"]
[Date "2024.04.16"]
[Round "9"]
[White "cukus"]
[Black "albayo"]
[Result "0-1"]
[WhiteElo "2366"]
[BlackElo "2520"]
[TimeControl "180+1"]
[EndTime "15:44:35 PDT"]
[Termination "albayo won by resignation"]

1. d4 Nf6 2. c4 g6 3. Nc3 Bg7 4. e4 O-O 5. h3 c5 6. Nf3 cxd4 7. Nxd4 Nc6 8. Be3 d6 9. Be2 Bd7 10. O-O Nxd4 11. Bxd4 Bc6 12. Qc2 a5 13. Rad1 Nd7 14. Bxg7 Kxg7 15. Bg4 Nc5 16. e5 f5 17. Be2 f4 18. Nd5 dxe5 19. Nxf4 Qc7 20. Nd5 Bxd5 21. cxd5 Qd6 22. Qd2 Rf4 23. Qe3 Raf8 24. f3 b6 25.
Kh1 Qf6 26. Qc3 e4 27. d6 exd6 28. Rxd6 Qxc3 29. bxc3 exf3 30. Bxf3 R8f6 31. Rfd1 Rxd6 32. Rxd6 Rf6 33. Rd8 h5 34. Kg1 Na4 35. Rc8 Rd6 36. Be4 Kf6 37. Kf2 Ke5 38. Ke3 Rd1 39. Re8+ Kf6 40.
Rc8 Re1+ 41. Kf3 Rf1+ 42. Ke2 Ra1 43. Rc6+ Ke5 44. Bxg6 Rxa2+ 45. Kf3 h4 46. Bd3 Ra3 47.
Rc8 Rxc3 48. Ke3 Rxc8 49. Be4 Rc3+ 50. Bd3 b5 0-1

[Event "Late-Titled-Tuesday-Blitz-April-16-2024"]
[Site "Chess.com"]
[Date "2024.04.16"]
[Round "9"]
[White "Msb2"]
[Black "DenLaz"]
[Result "1/2-1/2"]
[WhiteElo "3016"]
[BlackElo "3105"]
[TimeControl "180+1"]
[EndTime "15:44:41 PDT"]
[Termination "Game drawn by repetition"]

1. d4 Nf6 2. c4 e6 3. Nc3 Bb4 4. e3 O-O 5. Bd2 d5 6. Nf3 b6 7. cxd5 exd5 8. Rc1 c5 9. Ne5 c4 10. b3 Bxc3 11. Bxc3 b5 12. a4 a6 13. Be2 Bf5 14.
O-O Re8 15. bxc4 bxc4 16. Bb4 Qc7 17. f3 Nc6 18. Bc3 Rad8 19. Qe1 h6 20. Qg3 Bh7 21. Kh1 Qc8 22. e4 dxe4 23. Nxc6 Qxc6 24. d5 Rxd5 25. Bxf6 Qxf6 26. fxe4 Rg5 27. Rxf6 Rxg3 28. hxg3 gxf6 29.
Bxc4 a5 30. Bb5 Rxe4 31. Rc8+ Kg7 32. Ra8 Rb4 33. Rxa5 Be4 34. Kh2 Rb2 35. Bf1 Rf2 36.
Kg1 Ra2 37. Kh2 Kg6 38. Ra7 f5 39. a5 h5 40. a6 f6 41. Rc7 Ra1 42. Bc4 Kh6 43.
a7 Ra3 44. Re7 Kg6 45. Rd7 Kh6 46. Rf7 Kg6 47. Re7 Kh6 48. Kg1 Kg6 49. Kf2 Kh6 50. Kg1 Kg6 51. Kf2 Kh6 52. Kg1 1/2-1/2

[Event "Late-Titled-Tuesday-Blitz-April-16-2024"]
[Site "Chess.com"]
[Date "2024.04.16"]
[Round "9"]
[White "dropstoneDP"]
[Black "jcibarra"]
[Result "1/2-1/2"]
[WhiteElo "3047"]
[BlackElo "2935"]
[TimeControl "180+1"]
[EndTime "15:44:43 PDT"]
[Termination "Game drawn by agreement"]

1. e4 c5 2. Nf3 Nc6 3. Bb5 e6 4. O-O Nd4 5. Nxd4 cxd4 6. c3 a6 7.
Bd3 Bc5 8. b4 Ba7 9. Na3 Ne7 10.
Nc2 d5 11. cxd4 dxe4 12. Bxe4 O-O 13. d3 Nd5 14. Bd2 Bd7 15. a4 Rc8 16. b5 axb5 17. axb5 Bb6 18. Rb1 Qf6 19. Ne3 Qxd4 20. Nxd5 exd5 21.
Be3 Qe5 22. Bxb6 dxe4 23. dxe4 Bxb5 24. Bd4 Qe8 25. Qg4 f6 26. Rfe1 Bd7 27. Qg3 Bc6 28. e5 fxe5 29. Rxe5 Qg6 30. Qxg6 hxg6 31. f3 Rfe8 32.
Rg5 Re6 33. h3 Rd8 34. Rb4 Rd5 35. Rxd5 Bxd5 36. Kf2 Bc6 37. Rb2 Kf7 38. Ra2 Rd6 39. Ke3 Re6+ 40. Kf4 Rd6 41. Be5 Rd5 42. h4 Rb5 43.
Ra8 Rd5 44. Rc8 Rd7 45. Rh8 Re7 46. Rd8 Re8 47. Rd2 Re7 48. Ra2 Re8 49. Ra5 Re7 50.
Rc5 Rd7 51. Ra5 Rd2 52. Kg3 Rd5 53. Rxd5 Bxd5 54. Kf4 b5 55. Bc3 Bc4 56. Kg5 Bf1 1/2-1/2

[Event "Late-Titled-Tuesday-Blitz-April-16-2024"]
[Site "Chess.com"]
[Date "2024.04.16"]
[Round "9"]
[White "Boorchess"]
[Black "Jahonas"]
[Result "1-0"]
[WhiteElo "2491"]
[BlackElo "2380"]
[TimeControl "180+1"]
[EndTime "15:44:43 PDT"]
[Termination "Boorchess won by resignation"]

1. d4 Nf6 2. Nf3 e6 3. Bg5 d5 4. e3 c5 5. c3 Qb6 6. Qb3 c4 7. Qc2 Nc6 8. Nbd2 Be7 9. b3 cxb3 10. axb3 Bd7 11. Bd3 h6 12. Bh4 O-O 13. O-O Rfc8 14. Qb2 a5 15. Rfb1 Qd8 16. h3 Ne8 17. Bxe7 Qxe7 18. Qa3 Nd6 19. Ne5 Be8 20. Nxc6 Rxc6 21. c4 dxc4 22. bxc4 Rc7 23. Ne4 Nxe4 24. Qxe7 Rxe7 25.
Bxe4 Bc6 26. Bxc6 bxc6 27. Rb6 Rc7 28. c5 Kf8 29. f4 Ke7 30. Kf2 Kd7 31. Ke2 a4 32.
Kd3 a3 33. Ra2 Raa7 34. Kc3 Ra4 35. Kb3 Rca7 36. Rb4 R4a5 37. g4 f6 38. Kc4 e5 39.
fxe5 fxe5 40. dxe5 Ke6 41. Kd4 Rd7+ 42. Ke4 Rd5 43. Rb3 Rxe5+ 44. Kf3 Rexc5 45. Raxa3 Rxa3 46. Rxa3 Kd5 47. Ra4 Rc1 48. Ra7 g5 49. Rh7 c5 50.
Rxh6 c4 51. Rh5 c3 52. Rxg5+ Kc4 53. Rg8 Kd3 54. Rd8+ Kc2 55. g5 Rg1 56. h4 Rf1+ 57.
Kg4 Rg1+ 58. Kf5 Rf1+ 59. Kg6 Re1 60. h5 Rxe3 61. h6 Rd3 62. Rc8 Rh3 63. Kg7 Kd2 64.
Rxc3 Kxc3 65. h7 Kd4 66. h8=Q Rxh8 67. Kxh8 1-0

[Event "Late-Titled-Tuesday-Blitz-April-16-2024"]
[Site "Chess.com"]
[Date "2024.04.16"]
[Round "9"]
[White "dretch"]
[Black "IMGC"]
[Result "0-1"]
[WhiteElo "2905"]
[BlackElo "2520"]
[TimeControl "180+1"]
[EndTime "15:44:44 PDT"]
[Termination "IMGC won by checkmate"]

1. d4 Nf6 2. Nf3 g6 3. g3 Bg7 4.
Bg2 O-O 5. O-O d6 6. Nbd2 d5 7. c4 c6 8. b3 Ne4 9. Bb2 Bf5 10. Nh4 Nxd2 11. Qxd2 Be6 12. Rac1 Qd7 13. Rfd1 a5 14. Nf3 a4 15. Ne5 Qd8 16. Qb4 axb3 17. axb3 Ra2 18. Nd3 Bf5 19. Ra1 Rxa1 20. Bxa1 dxc4 21. Qxc4 Na6 22. e4 Bg4 23. f3 Be6 24. Qc3 Qb6 25.
Nf4 Bc8 26. Kh1 Rd8 27. Rd2 Nc7 28. Bf1 Nb5 29. Qb4 Bf8 30. Qc4 Nd6 31. Qc3 Bg7 32. Bb2 Nb5 33. Bxb5 Qxb5 34. Kg2 Bh6 35. Rc2 Bxf4 36.
gxf4 f6 37. Qe3 Qh5 38. Rd2 Qh3+ 39. Kg1 Bg4 40. Rf2 Be6 41. Rd2 Ra8 42. Rg2 Ra2 43. f5 Bf7 44. d5 cxd5 45. e5 Qxf5 46. exf6 exf6 47. Re2 Qb1+ 48. Kg2 Rxb2 49. Kg3 Rxe2 50. Qf2 Qf5 51. Qxe2 Qg5+ 52. Kf2 Qe5 53. Qd2 d4 54. Qb4 Qe3+ 55. Kg2 Bd5 56. Qb5 Qxf3+ 57. Kg1 Qg2# 0-1

[Event "Late-Titled-Tuesday-Blitz-April-16-2024"]
[Site "Chess.com"]
[Date "2024.04.16"]
[Round "9"]
[White "Rutricks"]
[Black "ATM622"]
[Result "0-1"]
[WhiteElo "2654"]
[BlackElo "2464"]
[TimeControl "180+1"]
[EndTime "15:44:44 PDT"]
[Termination "ATM622 won by resignation"]

1. g4 e5 2. Bg2 d5 3. c4 c6 4. cxd5 cxd5 5. Qb3 Ne7 6. Nc3 Nbc6 7. Nxd5 Nd4 8. Qc4 Be6 9. Nc7+ Kd7 10. Nxe6 fxe6 11. Bxb7 Rb8 12. Be4 Qa5 13. e3 Rc8 14. Qd3 Qxa2 15.
Rb1 Nd5 16. exd4 Nf4 17. Qb5+ Kd8 18. Kd1 a6 19. Qb6+ Kd7 20. Ne2 Nd5 21. Qb7+ Rc7 22. Bxd5 exd5 23. Qb8 Qxb1 24. Nc3 Qd3 25. Re1 e4 26.
Qb6 Qf3+ 27. Kc2 Qd3+ 28. Kd1 Bd6 29. Qa5 Rf8 30. Qxd5 Rxf2 31. Qxe4 Qf3+ 32. Kc2 Qxe4+ 33. Rxe4 Rxh2 34. Kd3 Rh1 35. Kc2 Bb4 36. d5 a5 37.
d3 Rh2+ 38. Kb3 Bxc3 39. bxc3 Rb7+ 40. Kc4 Rc2 41. Bf4 a4 42. d6 a3 43. d4 a2 44.
Re7+ Kc8 45. Re8+ Kd7 46. Ra8 h6 47. d5 Rb1 48. Be5 a1=Q 49. Rxa1 Rxa1 50. Kb3 Rcc1 51. c4 Rab1+ 52. Ka2 Rd1 53. c5 Rbc1 54. c6+ Kd8 55. d7 Rxd5 56. Bxg7 Rxc6 57. Bxh6 Rxh6 0-1

[Event "Late-Titled-Tuesday-Blitz-April-16-2024"]
[Site "Chess.com"]
[Date "2024.04.16"]
[Round "9"]
[White "GothamChess"]
[Black "N_Mullodzhanov"]
[Result "1-0"]
[WhiteElo "2697"]
[BlackElo "2543"]
[TimeControl "180+1"]
[EndTime "15:44:45 PDT"]
[Termination "GothamChess won by checkmate"]

1. e4 c6 2. d4 d5 3. f3 dxe4 4. fxe4 e5 5. Nf3 Bg4 6. c3 Nf6 7. Bd3 Nbd7 8. O-O Bd6 9. Bg5 O-O 10. Nbd2 b5 11. Qe1 h6 12. Bxf6 Nxf6 13. dxe5 Bc5+ 14. Kh1 Nh5 15. Bc2 Re8 16. Nb3 Bb6 17. Nbd4 Rc8 18. Bb3 Qe7 19. Nh4 Be6 20. Nxe6 fxe6 21.
Bd1 Qg5 22. Nf3 Qg6 23. Qh4 Bd8 24. Qh3 Nf4 25. Qg3 Qxg3 26. hxg3 Nd3 27. Rb1 Bc7 28.
Nd4 Bxe5 29. Bh5 Re7 30. Nxe6 Bxg3 31. Rf3 Nf2+ 32. Kg1 Nxe4 33. Rd1 Kh7 34. Nf8+ Kg8 35. Ng6 Re6 36. Bg4 Rxg6 37. Bxc8 Nd6 38. Bd7 Nf7 39. Be8 Rf6 40. Rxf6 gxf6 41. Bxc6 a6 42. a4 bxa4 43. Bxa4 Bd6 44. Bb3 Bc5+ 45. Kf1 Kg7 46. Bxf7 Kxf7 47. Ra1 a5 48. Rxa5 Bb6 49. Rb5 Bd8 50. b4 Ke6 51.
Ke2 Kd6 52. Kd3 Kc6 53. Rh5 f5 54. Rxf5 Bg5 55. Rxg5 hxg5 56. c4 g4 57. Ke4 Kb6 58. Kf4 g3 59. Kxg3 Kc6 60. Kf4 Kd6 61. Ke4 Kc6 62.
g4 Kd6 63. g5 Ke6 64. b5 Kd6 65. Kd4 Kc7 66. c5 Kd7 67. g6 Ke6 68. b6 Kf5 69. b7 Kf4 70. b8=N Kf3 71. g7 Ke2 72. g8=Q Kd2 73.
Qg2+ Kc1 74. Kc3 Kd1 75. Qd2# 1-0

[Event "Late-Titled-Tuesday-Blitz-April-16-2024"]
[Site "Chess.com"]
[Date "2024.04.16"]
[Round "9"]
[White "jbking07"]
[Black "CrushingKings"]
[Result "0-1"]
[WhiteElo "2431"]
[BlackElo "2595"]
[TimeControl "180+1"]
[EndTime "15:44:46 PDT"]
[Termination "CrushingKings won by resignation"]

1. e4 g6 2. d4 Bg7 3. Nc3 c6 4. Be3 d5 5. e5 f6 6. exf6 Nxf6 7. Bd3 Ng4 8. Nf3 O-O 9. O-O Nd7 10. Bg5 Qc7 11.
g3 e5 12. dxe5 Ndxe5 13. Be2 Nxf3+ 14. Bxf3 Ne5 15. Bg2 Nc4 16. Rb1 Nxb2 17. Nxd5 Qe5 18. Rxb2 Qxg5 19. Nc7 Bg4 20. Qb1 Bxb2 21. Nxa8 Qf6 22.
Nc7 Be2 23. Re1 Qxf2+ 24. Kh1 Bf3 25. Rg1 Bxg2+ 26. Rxg2 Qf1+ 27. Rg1 Qf3+ 28. Rg2 Bd4 29. h3 Qf1+ 30. Qxf1 Rxf1+ 31. Kh2 Kf7 32. Rd2 Rf2+ 33. Rxf2+ Bxf2 34. Kg2 Bb6 35. Na8 Bd8 36. Kf3 Ke6 37. Ke4 Kd6 38. h4 b5 39. Kd4 c5+ 40. Ke4 a5 41. g4 Kc6 42. h5 Kb7 43. hxg6 hxg6 44. Kd5 Kxa8 45. Kxc5 b4 46. Kb5 Kb7 47. Kc5 Bb6+ 48.
Kd5 g5 49. Ke5 Be3 50. Ke4 Bf4 51. Kd4 Kb6 52. Kc4 Kc6 53. c3 bxc3 54. Kxc3 Kb5 55.
Kd4 Kb4 56. Kd3 Ka3 0-1

[Event "Late-Titled-Tuesday-Blitz-April-16-2024"]
[Site "Chess.com"]
[Date "2024.04.16"]
[Round "9"]
[White "GMMikhailKazakov"]
[Black "GoltsevDmitry2000"]
[Result "0-1"]
[WhiteElo "2507"]
[BlackElo "2762"]
[TimeControl "180+1"]
[EndTime "15:44:47 PDT"]
[Termination "GoltsevDmitry2000 won by resignation"]

1. e4 e6 2. d4 d5 3. exd5 exd5 4.
Bd3 c5 5. Nf3 Nf6 6. O-O Be7 7.
dxc5 Bxc5 8. Re1+ Be6 9. Ng5 O-O 10. Nc3 Ng4 11. Bxh7+ Kh8 12. Nxe6 Bxf2+ 13. Kh1 Qh4 14. Bf4 fxe6 15. Bd6 Bxe1 16. Qxe1 Qxh7 17. Qg3 Nf2+ 18. Kg1 Rf6 19. Bxb8 Qg6 20. Qxg6 Rxg6 21. Bg3 Ng4 22. Re1 Rf8 23. h3 Nf6 24. Bf2 Nd7 25. Bd4 a6 26. a4 Re8 27. Nxd5 e5 28. Bc3 Rd6 29. Ne3 Rde6 30.
Ng4 e4 31. Ne3 Nf6 32. Rd1 Rc6 33. Rf1 Rd8 34. Nf5 Re8 35. Ne3 Rd6 36. Rf4 Nd5 37.
Nxd5 Rxd5 38. Rf2 e3 39. Re2 Rd1+ 40. Kh2 Rd7 41. Kg3 Rde7 42. Re1 e2 43. Kf2 Re4 44.
Kf3 Rxa4 45. Rxe2 Rxe2 46. Kxe2 Re4+ 47. Kf3 Rc4 48. g4 b5 49. h4 b4 50. Be5 Rxc2 51. h5 Kh7 52. Kf4 a5 53. g5 a4 54. Kg4 a3 55. g6+ Kg8 56. bxa3 bxa3 57. Kf5 a2 58. Ke6 Re2 0-1

[Event "Late-Titled-Tuesday-Blitz-April-16-2024"]
[Site "Chess.com"]
[Date "2024.04.16"]
[Round "9"]
[White "DanielNaroditsky"]
[Black "Shankland"]
[Result "0-1"]
[WhiteElo "3119"]
[BlackElo "2921"]
[TimeControl "180+1"]
[EndTime "15:44:49 PDT"]
[Termination "Shankland won by resignation"]

1. e4 c5 2. c3 Nf6 3. e5 Nd5 4.
Nf3 d6 5. Bb5+ Bd7 6. Bc4 e6 7. O-O Bc6 8. d4 Nd7 9. exd6 Bxd6 10. Re1 O-O 11. Nbd2 N5f6 12. Bd3 Qc7 13. h3 Rfd8 14. Nc4 Bf4 15. Qe2 Bxc1 16. Raxc1 Bxf3 17. Qxf3 cxd4 18. cxd4 Rac8 19. Rc2 Qb8 20. Rec1 Nf8 21. Na5 Rxc2 22. Rxc2 Rxd4 23. Nxb7 Rxd3 24. Qxd3 Qxb7 25. Qd8 h5 26. b3 Nd7 27. Rc7 Qd5 28. Rxa7 Qd1+ 29. Kh2 Qd4 30. Ra8 Kh7 31. Qg5 g6 32. Qe3 Qd6+ 33.
Qg3 e5 34. a4 Ne6 35. a5 Ndc5 36.
b4 Ne4 37. Qe3 Nd2 38. Kg1 Nf4 39. Rc8 Qd5 40. f3 Qa2 41. Rc1 Nb3 42. Qf2 Qxf2+ 43.
Kxf2 Nxc1 44. b5 Nd5 45. b6 Nd3+ 46. Kg3 Nc5 47. Kh4 Kg7 48. g4 hxg4 49. b7 Nxb7 50.
a6 Nd6 51. a7 Nb6 52. hxg4 f6 53. g5 f5 54. Kg3 Kf7 55. Kf2 Ke6 56. Ke3 Kd5 57.
Kf2 Ndc8 58. Kg3 Nxa7 59. f4 exf4+ 60. Kh3 Nc6 61. Kh4 Ke4 62. Kh3 f3 63. Kg3 Ke3 64.
Kh3 f2 65. Kg2 Ke2 0-1

[Event "Late-Titled-Tuesday-Blitz-April-16-2024"]
[Site "Chess.com"]
[Date "2024.04.16"]
[Round "9"]
[White "diokletian"]
[Black "dennisodessa"]
[Result "1/2-1/2"]
[WhiteElo "2678"]
[BlackElo "2560"]
[TimeControl "180+1"]
[EndTime "15:44:49 PDT"]
[Termination "Game drawn by stalemate"]

1. d4 Nf6 2. c4 e6 3. Nc3 Bb4 4.
Qc2 O-O 5. a3 Bxc3+ 6. Qxc3 d5 7. Nf3 dxc4 8. Qxc4 b6 9. Bf4 Ba6 10. Qxc7 Qd5 11. Qd6 Rc8 12. Qxd5 Nxd5 13. Bd2 Rc2 14. Rb1 Nd7 15. Kd1 Rac8 16. e4 Bxf1 17. Rxf1 N5f6 18.
Re1 R2c4 19. Rc1 Rxc1+ 20. Bxc1 e5 21. Nxe5 Nxe5 22. dxe5 Ng4 23. f4 Nxh2 24. Bd2 Ng4 25. Bc3 Nf2+ 26. Kd2 Rc4 27. Rf1 Nxe4+ 28. Kd3 b5 29. Bd4 Nc5+ 30. Ke3 a5 31. Rd1 g6 32. g4 Ne6 33. b3 Rxd4 34. Rxd4 Nxd4 35. Kxd4 Kg7 36.
Ke4 h5 37. gxh5 gxh5 38. f5 Kh6 39. Kf4 h4 40. Kg4 h3 41. Kxh3 Kg5 42. e6 fxe6 43. fxe6 Kf6 44. Kg3 Kxe6 45. Kf3 Kd5 46. Ke3 a4 47. bxa4 bxa4 48. Kd3 Kc5 49. Kc3 Kb5 50. Kb2 Ka5 51. Kc3 Kb5 52. Kd4 Ka5 53. Kc4 Ka6 54.
Kb4 Ka7 55. Kxa4 Ka8 56. Kb4 Kb8 57. a4 Ka8 58. a5 Kb8 59. Kb5 Ka8 60. a6 Kb8 61. Kb6 Ka8 62. a7 1/2-1/2

[Event "Late-Titled-Tuesday-Blitz-April-16-2024"]
[Site "Chess.com"]
[Date "2024.04.16"]
[Round "9"]
[White "Karttunen"]
[Black "watermelonattackk"]
[Result "1-0"]
[WhiteElo "2683"]
[BlackElo "2483"]
[TimeControl "180+1"]
[EndTime "15:44:49 PDT"]
[Termination "Karttunen won by resignation"]

1. c4 Nf6 2. Nc3 e6 3. e4 d5 4. cxd5 exd5 5. e5 d4 6. exf6 dxc3 7. bxc3 Qxf6 8. Qf3 Be7 9. d4 O-O 10. Qxf6 Bxf6 11.
Rb1 c5 12. Be3 cxd4 13. Bxd4 Bxd4 14. cxd4 Nc6 15. d5 Nd4 16. Ne2 Re8 17. Kd2 Nf5 18.
Nc3 a6 19. a4 Nd6 20. Bd3 Kf8 21. Rb6 Rd8 22. Re1 Bg4 23. Re5 Rac8 24. f3 f6 25. Re3 Bf5 26. Rxd6 Rxd6 27. Bxf5 Rc4 28. Be6 Rb4 29. Re4 Rb2+ 30. Ke3 Rxg2 31. Rc4 Rxh2 32.
Ne4 Rd8 33. Rc7 Rg2 34. Rf7+ Ke8 35. d6 f5 36. Rxf5 Rxd6 37. Nxd6+ Ke7 38. Nxb7 Kxe6 39. Ra5 h5 40. Rxa6+ Kd7 41. Nc5+ Kc8 42. Ne4 h4 43. Ra8+ Kb7 44. Rh8 g5 45. Rg8 h3 46. Rh8 h2 47. Nf2 Ka6 48. Ng4 Ka5 49. Rxh2 Rg1 50.
Rh5 Kxa4 51. Rxg5 Kb4 52. Rd5 Kc4 53. Rd8 Re1+ 54. Kf4 Rf1 55. Ne3+ Kc5 56. Nxf1 1-0

[Event "Late-Titled-Tuesday-Blitz-April-16-2024"]
[Site "Chess.com"]
[Date "2024.04.16"]
[Round "9"]
[White "Lupul_Cenusiu"]
[Black "SergioMoralesG"]
[Result "1/2-1/2"]
[WhiteElo "2675"]
[BlackElo "2437"]
[TimeControl "180+1"]
[EndTime "15:44:50 PDT"]
[Termination "Game drawn by repetition"]

1. d4 d5 2. Bf4 Nf6 3. e3 c5 4. Nd2 e6 5. Ngf3 Bd6 6. c3 O-O 7. Bd3 Qc7 8. Bxd6 Qxd6 9. dxc5 Qxc5 10. e4 dxe4 11. Nxe4 Nxe4 12. Bxe4 Nc6 13. O-O h6 14. Qe2 Bd7 15. Rad1 Rad8 16. Bb1 Ne7 17. Qe4 Nf5 18. Ne5 Bc6 19. Nxc6 Qxc6 20. Qxc6 bxc6 21. Bxf5 exf5 22. g3 Rfe8 23. Kg2 Kf8 24. Kf3 g5 25. Rfe1 Rxd1 26. Rxd1 Rb8 27. Rd2 Ke7 28. b4 Ke6 29. a4 a5 30. Rd4 c5 31. bxc5 Rc8 32. Rd6+ Ke5 33. Rxh6 Rxc5 34. Rb6 Rxc3+ 35. Kg2 Rc5 36. h4 gxh4 37.
gxh4 Kf4 38. h5 Kg5 39. h6 Rc8 40. Ra6 f6 41. Kg3 Kxh6 42. Rxf6+ Kg5 43. Ra6 Rc5 44. Kf3 f4 45. Rb6 Rc3+ 46. Kg2 Rc4 47. Rb5+ Kg4 48.
Rxa5 f3+ 49. Kh2 Rc2 50. Kg1 Rc1+ 51. Kh2 Rc2 52. Kg1 Rc1+ 53. Kh2 Rc2 1/2-1/2

[Event "Late-Titled-Tuesday-Blitz-April-16-2024"]
[Site "Chess.com"]
[Date "2024.04.16"]
[Round "9"]
[White "Indefatigable11"]
[Black "RantomOpening"]
[Result "1-0"]
[WhiteElo "2408"]
[BlackElo "2524"]
[TimeControl "180+1"]
[EndTime "15:44:54 PDT"]
[Termination "Indefatigable11 won by checkmate"]

1. d4 g6 2. c4 Bg7 3. Nf3 d6 4.
e4 Nf6 5. Nc3 O-O 6. Be2 b6 7.
O-O Bb7 8. Qc2 Nbd7 9. h3 c5 10. d5 a6 11. a4 Qc7 12. Be3 e5 13. Nd2 Ne8 14. Rfb1 a5 15. Nb5 Qd8 16. Nf1 Ndf6 17. Ng3 Nc7 18. Rf1 Nxb5 19. axb5 Bc8 20. f4 exf4 21. Bxf4 Qc7 22. Qd2 Re8 23. Bd3 Nd7 24. Bh6 Ne5 25. Bxg7 Kxg7 26. Be2 Qe7 27. Qf4 h6 28. h4 Bd7 29. h5 Qg5 30. Qf2 Bg4 31. hxg6 fxg6 32. Bxg4 Nxg4 33. Qf7+ Kh8 34. Ra3 Qh4 35.
Rf4 Ne5 36. Qxe8+ Rxe8 37. Rxh4 Kg7 38. b3 Rf8 39. Ra2 Nd3 40. Rd2 Nc1 41. Rb2 Nd3 42.
Rb1 Ra8 43. Rf1 Ne5 44. Rhf4 a4 45. bxa4 Rxa4 46. Rf8 Rxc4 47. Rd8 Rc3 48. Ne2 Re3 49.
Nf4 g5 50. Ne6+ Kg6 51. Rxd6 Kh5 52. Rxb6 Rxe4 53. d6 Kg4 54. Nxc5 Re2 55. d7 Kg3 56. Ne4+ Rxe4 57. d8=Q Re2 58. Qa8 g4 59. Qa3+ Nf3+ 60.
Rxf3+ Kh4 61. Rxh6+ Kg5 62. Qc1+ Re3 63. Qxe3# 1-0